BSA
MADISON BOMBERS @ ST. LOUIS BROWNS
09/24/2024
 
TOP OF THE 1ST
Madison Bombers batting - Pitching for St. Louis Browns : RHP Kitahachi Okada
Pitching: RHP Kitahachi Okada
Batting: LHB Robin Hill 0-0: SINGLE (Line Drive, 6D)
Batting: RHB Sergio Márquez 0-0: Called Strike
0-1: Ball
1-1: Foul Ball, location: 2F
1-2: Foul Ball, location: 2F
1-2: Foul Ball, location: 2F
1-2: Foul Ball, location: 2F
1-2: Strikes out swinging
Batting: LHB Sixto Cantú 0-0: Ball
1-0: Swinging Strike
1-1: Ball
2-1: Called Strike
2-2: Fly out, F7 (Flyball, 7M)
Batting: RHB Pablo Gonzáles 0-0: Called Strike
0-1: Ball
1-1: DOUBLE (Flyball, 7D)
Robin Hill to third
Runner from 3rd tries for Home, SAFE, no throw or cutoff
Batting: SHB Michael McDonald 0-0: Swinging Strike
0-1: Foul Ball, location: 2F
0-2: Foul Ball, location: 2F
0-2: Ball
1-2: Foul Ball, location: 2F
1-2: Strikes out swinging
Top of the 1st over - 1 run(s), 2 hit(s), 0 error(s), 1 left on base; Madison 1 - St. Louis 0
BOTTOM OF THE 1ST
St. Louis Browns batting - Pitching for Madison Bombers : RHP Manny Canseco
Pitching: RHP Manny Canseco
Batting: LHB Joe Sanders 0-0: Ball
1-0: Foul Ball, location: 2F
1-1: Foul Ball, location: 2F
1-2: Ball
2-2: Ball
3-2: Ground out 4-3 (Groundball, 4)
Batting: LHB Mike Hill 0-0: SINGLE (Line Drive, 34)
Batting: LHB Mario García 0-0: Ball
1-0: Called Strike
1-1: 2-RUN HOME RUN (Flyball, 9D), Distance : 376 ft
Batting: LHB Stan Hickman 0-0: Foul Ball, location: 2F
0-1: SINGLE (Line Drive, 89S)
Batting: LHB Jorge Torres 0-0: Fly out, F8 (Flyball, 8LD)
Batting: LHB Héctor Núñez 0-0: Called Strike
0-1: Ball
1-1: Ball
2-1: Called Strike
2-2: Ball
3-2: Fly out, F9 (Flyball, 9M)
Bottom of the 1st over - 2 run(s), 3 hit(s), 0 error(s), 1 left on base; Madison 1 - St. Louis 2
TOP OF THE 2ND
Madison Bombers batting - Pitching for St. Louis Browns : RHP Kitahachi Okada
Batting: LHB José Santos 0-0: Swinging Strike
0-1: Called Strike
0-2: Ground out 5-3 (Groundball, 56)
Batting: SHB Derek Roach 0-0: Called Strike
0-1: Ball
1-1: Ball
2-1: SINGLE (Groundball, 4MD)
Batting: RHB Edward Franks 0-0: Fly out, F8 (Flyball, 8RM)
Batting: LHB Keith Tillman 0-0: Called Strike
0-1: Called Strike
0-2: Ground out 4-3 (Groundball, 34)
Top of the 2nd over - 0 run(s), 1 hit(s), 0 error(s), 1 left on base; Madison 1 - St. Louis 2
BOTTOM OF THE 2ND
St. Louis Browns batting - Pitching for Madison Bombers : RHP Manny Canseco
Batting: RHB Will Brown 0-0: SINGLE (Flyball, 9LS)
Batting: LHB Víctor Hernández 0-0: Foul Ball, location: 2F
0-1: Ball
1-1: Foul Ball, location: 2F
1-2: Ball
2-2: Fly out, F2 (Popup, 5SF)
Batting: RHB Mario Rosales 0-0: Foul Ball, location: 2F
0-1: Ball
Error on foul ball, E3
1-2: Ball
2-2: Ground out 5-3 (Groundball, 6S)
Will Brown to second
Batting: LHB Joe Sanders 0-0: Called Strike
0-1: Ball
1-1: Foul Ball, location: 2F
1-2: Ball
2-2: Ball
3-2: Base on Balls
Batting: LHB Mike Hill 0-0: Fielders Choice at 2nd, U6 (Groundball, 6M)
Bottom of the 2nd over - 0 run(s), 1 hit(s), 1 error(s), 2 left on base; Madison 1 - St. Louis 2
TOP OF THE 3RD
Madison Bombers batting - Pitching for St. Louis Browns : RHP Kitahachi Okada
Batting: LHB Robin Hill 0-0: Ground out 1-3 (Groundball, 15)
Batting: RHB Sergio Márquez 0-0: Ball
1-0: Fly out, F7 (Flyball, 78M)
Batting: LHB Sixto Cantú 0-0: SOLO HOME RUN (Flyball, 9D), Distance : 367 ft
Batting: RHB Pablo Gonzáles 0-0: Ground out 4-3 (Groundball, 4M)
Top of the 3rd over - 1 run(s), 1 hit(s), 0 error(s), 0 left on base; Madison 2 - St. Louis 2
BOTTOM OF THE 3RD
St. Louis Browns batting - Pitching for Madison Bombers : RHP Manny Canseco
Batting: LHB Mario García 0-0: Ball
1-0: Ground out 4-3 (Groundball, 4)
Batting: LHB Stan Hickman 0-0: Called Strike
0-1: Called Strike
0-2: Ball
1-2: Ball
2-2: Strikes out swinging
Batting: LHB Jorge Torres 0-0: SOLO HOME RUN (Flyball, 89XD), Distance : 371 ft
Batting: LHB Héctor Núñez 0-0: Swinging Strike
0-1: Ball
1-1: Ball
2-1: Called Strike
2-2: Ground out 6-3 (Groundball, 6MS)
Bottom of the 3rd over - 1 run(s), 1 hit(s), 0 error(s), 0 left on base; Madison 2 - St. Louis 3
TOP OF THE 4TH
Madison Bombers batting - Pitching for St. Louis Browns : RHP Kitahachi Okada
Batting: SHB Michael McDonald 0-0: Called Strike
0-1: Ball
1-1: Called Strike
1-2: Ball
2-2: TRIPLE (Flyball, 78S)
Pitching: RHP António Ojeda
Batting: LHB José Santos 0-0: Ball
1-0: Ball
2-0: Swinging Strike
2-1: Ball
3-1: Base on Balls
Batting: SHB Derek Roach 0-0: Called Strike
0-1: Ball
1-1: SINGLE (Groundball, 3S)
Michael McDonald scores
José Santos to second
Runner from 2nd tries for 3rd, SAFE, throw made to third
Batting: RHB Edward Franks 0-0: Grounds into double play, 6-4-3 (Groundball, 6M)
José Santos scores
Batting: LHB Keith Tillman 0-0: Called Strike
0-1: Ball
1-1: Called Strike
1-2: DOUBLE (Groundball, 5L)
Batting: LHB Robin Hill 0-0: Ground out 6-3 (Groundball, 6M)
Top of the 4th over - 2 run(s), 3 hit(s), 0 error(s), 1 left on base; Madison 4 - St. Louis 3
BOTTOM OF THE 4TH
St. Louis Browns batting - Pitching for Madison Bombers : RHP Manny Canseco
Batting: RHB Will Brown 0-0: Ball
1-0: Ball
2-0: Called Strike
2-1: Ball
3-1: Ground out 6-3 (Groundball, 6M)
Pitching: RHP Alonso Gallardo
Batting: LHB Víctor Hernández 0-0: Ball
1-0: SINGLE (Groundball, 56D)
Batting: RHB Mario Rosales 0-0: Foul Ball, location: 2F
0-1: Ball
1-1: Ball
2-1: Ball
3-1: Called Strike
3-2: Grounds into double play, 6-4-3 (Groundball, 6)
Bottom of the 4th over - 0 run(s), 1 hit(s), 0 error(s), 0 left on base; Madison 4 - St. Louis 3
TOP OF THE 5TH
Madison Bombers batting - Pitching for St. Louis Browns : RHP António Ojeda
Batting: RHB Sergio Márquez 0-0: Fly out, F8 (Flyball, 8LXD)
Batting: LHB Sixto Cantú 0-0: Ball
1-0: Ball
2-0: Called Strike
2-1: Ball
3-1: Fly out, F8 (Flyball, 8LS)
Batting: RHB Pablo Gonzáles 0-0: Ball
1-0: Ball
2-0: Fly out, F6 (Popup, 6)
Top of the 5th over - 0 run(s), 0 hit(s), 0 error(s), 0 left on base; Madison 4 - St. Louis 3
BOTTOM OF THE 5TH
St. Louis Browns batting - Pitching for Madison Bombers : RHP Alonso Gallardo
Batting: LHB Joe Sanders 0-0: Called Strike
0-1: Swinging Strike
0-2: Foul Ball, location: 2F
0-2: Strikes out looking
Batting: LHB Mike Hill 0-0: Ball
1-0: Called Strike
1-1: Swinging Strike
1-2: Ground out 4-3 (Groundball, 4M)
Batting: LHB Mario García 0-0: Ball
1-0: Ball
2-0: Ball
3-0: Called Strike
3-1: Called Strike
3-2: Strikes out looking
Bottom of the 5th over - 0 run(s), 0 hit(s), 0 error(s), 0 left on base; Madison 4 - St. Louis 3
TOP OF THE 6TH
Madison Bombers batting - Pitching for St. Louis Browns : RHP António Ojeda
Pitching: RHP Beau Brown
Batting: SHB Michael McDonald 0-0: Ball
1-0: DOUBLE (Line Drive, 89D)
Batting: LHB José Santos 0-0: Called Strike
0-1: Foul Ball, location: 2F
0-2: Ball
1-2: Strikes out swinging
Batting: SHB Derek Roach 0-0: Ground out 6-3 (Groundball, 6)
Batting: RHB Edward Franks 0-0: Called Strike
0-1: Ball
1-1: Fly out, F8 (Flyball, 8LD)
Top of the 6th over - 0 run(s), 1 hit(s), 0 error(s), 1 left on base; Madison 4 - St. Louis 3
BOTTOM OF THE 6TH
St. Louis Browns batting - Pitching for Madison Bombers : RHP Alonso Gallardo
Batting: LHB Stan Hickman 0-0: Ball
1-0: Called Strike
1-1: SINGLE (Line Drive, 7S)
Batting: LHB Jorge Torres 0-0: Called Strike
0-1: Called Strike
0-2: Grounds into double play, 3-6-3 (Groundball, 3)
Batting: LHB Héctor Núñez 0-0: Ball
1-0: SINGLE (Groundball, 15) (infield hit)
Batting: RHB Will Brown 0-0: Ground out 5-3 (Groundball, 56)
Bottom of the 6th over - 0 run(s), 2 hit(s), 0 error(s), 1 left on base; Madison 4 - St. Louis 3
TOP OF THE 7TH
Madison Bombers batting - Pitching for St. Louis Browns : RHP Beau Brown
Pitching: LHP Luis Noriega
Batting: LHB Keith Tillman 0-0: Ball
1-0: Ball
2-0: Called Strike
2-1: Ball
3-1: Foul Ball, location: 2F
3-2: Base on Balls
Pitching: RHP Carlos Ruíz
Batting: LHB Robin Hill 0-0: Bunted foul
0-1: Sac Bunt - play at first, batter OUT! 1-4
Keith Tillman to second
Batting: RHB Sergio Márquez 0-0: Foul Ball, location: 2F
0-1: Ball
Wild Pitch!
Keith Tillman to third
1-1: Foul Ball, location: 2F
1-2: Ball
2-2: SINGLE (Line Drive, 56)
Keith Tillman scores
Pitching: LHP Keith Hill
Batting: LHB Sixto Cantú 0-0: Called Strike
0-1: Ball
1-1: Called Strike
1-2: Ball
2-2: Ball
3-2: Grounds into double play, 4-6-3 (Groundball, 4)
Top of the 7th over - 1 run(s), 1 hit(s), 0 error(s), 0 left on base; Madison 5 - St. Louis 3
BOTTOM OF THE 7TH
St. Louis Browns batting - Pitching for Madison Bombers : RHP Alonso Gallardo
Pitching: LHP Tim Wilson
Batting: LHB Víctor Hernández 0-0: Ball
1-0: Ball
2-0: Ball
3-0: Called Strike
3-1: Ground out 4-3 (Groundball, 4M)
Batting: RHB Mario Rosales 0-0: Called Strike
0-1: Ball
1-1: Ground out 3-1 (Groundball, 34)
Batting: LHB Joe Sanders 0-0: Ground out 4-3 (Groundball, 4)
Bottom of the 7th over - 0 run(s), 0 hit(s), 0 error(s), 0 left on base; Madison 5 - St. Louis 3
TOP OF THE 8TH
Madison Bombers batting - Pitching for St. Louis Browns : LHP Keith Hill
Pitching: RHP Mitsunari Taguchi
Batting: RHB Pablo Gonzáles 0-0: Swinging Strike
0-1: Ball
1-1: Ball
2-1: Ball
3-1: Fly out, F9 (Flyball, 89D)
Pitching: LHP Brent Miller
Batting: SHB Michael McDonald 0-0: Swinging Strike
0-1: Swinging Strike
0-2: Foul Ball, location: 2F
0-2: Ball
1-2: Foul Ball, location: 2F
1-2: Strikes out swinging
Batting: LHB José Santos 0-0: Called Strike
0-1: Foul Ball, location: 2F
0-2: Fly out, F5 (Popup, 56S)
Top of the 8th over - 0 run(s), 0 hit(s), 0 error(s), 0 left on base; Madison 5 - St. Louis 3
BOTTOM OF THE 8TH
St. Louis Browns batting - Pitching for Madison Bombers : LHP Tim Wilson
Batting: LHB Mike Hill 0-0: Ball
1-0: Ball
2-0: Ground out 4-3 (Groundball, 4)
Batting: LHB Mario García 0-0: Ground out 6-3 (Groundball, 6M)
Batting: LHB Stan Hickman 0-0: Called Strike
0-1: Foul Ball, location: 2F
0-2: Ball
1-2: Foul Ball, location: 2F
1-2: Foul Ball, location: 2F
1-2: Ball
2-2: Ball
3-2: Base on Balls
Pitching: RHP José Ruíz
Batting: LHB Jorge Torres 0-0: Ground out 3-1 (Groundball, 3L)
Bottom of the 8th over - 0 run(s), 0 hit(s), 0 error(s), 1 left on base; Madison 5 - St. Louis 3
TOP OF THE 9TH
Madison Bombers batting - Pitching for St. Louis Browns : LHP Brent Miller
Batting: SHB Derek Roach 0-0: Foul Ball, location: 2F
0-1: Foul Ball, location: 2F
0-2: Ball
1-2: Strikes out looking
Batting: RHB Edward Franks 0-0: Foul Ball, location: 2F
0-1: Ball
1-1: Ball
2-1: Foul Ball, location: 2F
2-2: Ball
3-2: Strikes out swinging
Batting: LHB Keith Tillman 0-0: Called Strike
0-1: Swinging Strike
0-2: Ball
1-2: SINGLE (Groundball, 4M)
Batting: LHB Robin Hill 0-0: Called Strike
0-1: Ball
1-1: Called Strike
1-2: Foul Ball, location: 2F
1-2: Foul Ball, location: 2F
1-2: Ground out 4-3 (Groundball, 34)
Top of the 9th over - 0 run(s), 1 hit(s), 0 error(s), 1 left on base; Madison 5 - St. Louis 3
BOTTOM OF THE 9TH
St. Louis Browns batting - Pitching for Madison Bombers : RHP José Ruíz
Pitching: RHP Luis Cortéz
Batting: LHB Héctor Núñez 0-0: Ground out 6-3 (Groundball, 6M)
Batting: RHB Will Brown 0-0: Swinging Strike
0-1: Ball
1-1: DOUBLE (Flyball, 89XD)
Batting: LHB Víctor Hernández 0-0: Fly out, F9 (Flyball, 9S)
Batting: RHB Mario Rosales 0-0: Called Strike
0-1: Swinging Strike
0-2: Ball
1-2: Ground out 4-3 (Groundball, 34)
Bottom of the 9th over - 0 run(s), 1 hit(s), 0 error(s), 1 left on base; Madison 5 - St. Louis 3
This league is powered by Out of the Park Baseball, the baseball management simulation game for PC, Mac and Linux
Saturday, April 9th, 2016 - OOTP Baseball 16.8 Build 38